 Dungeon Crawl Stone Soup version 0.32-a0-933-ga8fa3634e4 (webtiles) character file.

Game seed: 15197336331110994726

34 Chimkentus the Apothecary (level 3, 0/21 HPs)
             Began as an Octopode Alchemist on Apr 14, 2024.
             Succumbed to an adder's poison
             ... on level 2 of the Dungeon.
             The game lasted 00:04:38 (1115 turns).

Chimkentus the Apothecary (Octopode Alchemist)      Turns: 1115, Time: 00:04:39

Health: 0/21       AC:  1    Str: 11    XL:     3   Next: 31%
Magic:  1/7        EV: 12    Int: 18    God:
Gold:   24         SH:  0    Dex: 11    Spells: 3/7 levels left

rFire   . . .        b - +0 hand axe
rCold   . . .        (no shield)
rNeg    . . .        (helmet restricted)
rPois   .            (no amulet)
rElec   .            (no ring)
rCorr   .            (no ring)
SInv    .            (no ring)
Will    .....        (no ring)
Stlth   +++          (no ring)
HPRegen 0.23/turn    (no ring)
MPRegen 0.10/turn    (no ring)
                     (no ring)

%: no passive effects
@: lethally poisoned (0 -> -2)
A: almost no armour, amphibious, 8 rings, camouflage 1, gelatinous body 1,
(nimble swimmer 1), tentacles, strong 1
a: no special abilities


You were on level 2 of the Dungeon.
You visited 1 branch of the dungeon, and saw 2 of its levels.

You collected 24 gold pieces.

Inventory:

Hand Weapons
 b - a +0 hand axe (weapon)
Scrolls
 e - a scroll of enchant armour {unknown}
 f - a scroll of fear {unknown}
Potions
 a - a potion of magic


   Skills:
 + Level 2.0 Dodging
 + Level 2.7 Stealth
 + Level 2.6 Spellcasting
 * Level 1.7 Conjurations
 * Level 3.7 Alchemy


You had 3 spell levels left.
You knew the following spells:

 Your Spells              Type           Power      Damage    Failure   Level
a - Sting                 Conj/Alch      48%        1d6       5%          1
b - Mephitic Cloud        Conj/Alch/Air  9%         N/A       24%         3

Your spell library contained the following spells:

 Spells                   Type           Power      Damage    Failure   Level
 Shock                    Conj/Air       20%        1d4       12%         1
 Mercury Vapours          Alch/Air       18%        N/A       12%         2
 Swiftness                Air            2%         N/A       45%         3
 Olgreb's Toxic Radiance  Alch           15%        N/A       34%         4
 Sticky Flame             Fire/Alch      9%         2d5       61%         4
 Airstrike                Air            1%         2d(1-17)  86%         4


Dungeon Overview and Level Annotations

Branches:
Dungeon (2/15)

Altars:


Innate Abilities, Weirdness & Mutations

You cannot wear most types of armour.
You are amphibious.
You can wear up to eight rings at the same time.
Your skin changes colour to match your surroundings (Stealth+).
Your rubbery body absorbs attacks. (AC +1, EV +1)
((You are camouflaged when in or above water. (Stealth+)))
You have tentacles for arms and can constrict up to eight enemies at once.
Your muscles are strong. (Str +4, Int/Dex -1)


Message History

Casting: Sting (safe; 6% risk of failure)
Confirm with . or Enter, or press ? or * to list all spells.
Aiming: Sting (safe; 6% risk of failure)
Press: ? - help, Shift-Dir - straight line, f/p - adder
Aim: an adder (almost dead, very poisoned, 53% to hit)
The sting hits the adder but does no damage.
The adder looks even sicker.
The adder is almost dead.
You feel sick. The adder barely misses you. x2
You are too injured to fight recklessly!
You hit the adder. Your grab misses the adder.
The adder is almost dead.
You feel sick.
You are no longer poisoned.
The adder bites you.
* * * LOW HITPOINT WARNING * * *
You are lethally poisoned!
The adder poisons you!
You hit the adder but do no damage. Your grab misses the adder.
The adder is almost dead.
* * * LOW HITPOINT WARNING * * *
You feel very sick.
You kill the adder!
Unknown command.
Okay, then.
As you read the scroll labelled XIGUDD HUGRO, it crumbles to dust.
You hear a loud clanging noise!
It was a scroll of noise.
* * * LOW HITPOINT WARNING * * *
You feel sick.
You hear a shout!
Unknown command.
There is a lethal amount of poison in your body!
There is a lethal amount of poison in your body!
* * * LOW HITPOINT WARNING * * *
You feel sick.
* * * LOW HITPOINT WARNING * * *
You feel sick.
Your magical contamination has completely faded away.
You die...

.#. .#.
.!## #..#
..# #.#
#.##
#@.#####
##.....##
#####>†#
##.##
##.†####
#...<..#
#......#
#......#
####.###


There were no monsters in sight!

Vanquished Creatures
  An adder (D:2)
  4 endoplasms
  A giant cockroach (D:2)
  A goblin (D:1)
  2 hobgoblins (D:1)
  3 quokkas (D:1)
  2 ball pythons
  4 bats (D:1)
  A frilled lizard (D:1)
  2 kobolds (D:1)
  4 rats
25 creatures vanquished.

Notes
Turn   | Place    | Note
-------+----------+-------------------------------------------
     0 | D:1      | Chimkentus the Octopode Alchemist began the quest for the
                  | Orb.
     0 | D:1      | Reached XP level 1. HP: 11/11 MP: 3/3
   356 | D:1      | Reached XP level 2. HP: 17/17 MP: 0/5
  1054 | D:2      | Reached XP level 3. HP: 19/21 MP: 2/6
  1058 | D:2      | Learned a level 3 spell: Mephitic Cloud
  1107 | D:2      | Gained mutation: Your muscles are strong. (Str +4, Int/Dex
                  | -1) [potion of mutation]
  1113 | D:2      | HP: 1/21 [poisoned by an adder]
  1115 | D:2      | Succumbed to an adder's poison

Illustrated notes

Levels and vault maps discovered:
D:1:      enne_arrival_octagon_isle, layout_loops_ring
D:2:      layout_rooms, basic_altar

Action                     || total
---------------------------++-------
  Melee: Hand axe          ||    18
         Constrict         ||     7
         Tentacles         ||     2
   Cast: Sting             ||    38
    Use: Scroll            ||     1
         Potion            ||     1
   Stab: Sleeping          ||     1
 Armour: Skin              ||    14
  Dodge: Dodged            ||     8

Table legend: (Time is in decaauts)
 A = Elapsed time spent in this place.
 B = Non-inter-level travel time spent in this place.
 C = Inter-level travel time spent in this place.
 D = Time resting spent in this place.
 E = Time spent auto-exploring this place.
 F = Levels seen in this place.
 G = Mean time per level.
                   A        B        C        D        E       F      G
               +--------+--------+--------+--------+--------+-----+--------+
         Total |   1119 |   1096 |     23 |      0 |    941 |   2 |  559.5 |
       Dungeon |   1119 |   1096 |     23 |      0 |    941 |   2 |  559.5 |
               +--------+--------+--------+--------+--------+-----+--------+

Top non-repeatable levels by time:
     D:1: 1010 daAuts
     D:2: 109 daAuts
